 Dungeon Crawl Stone Soup version 0.31-a0-237-g2d982f9f85 (webtiles) character file.

Game seed: 7173608289101005816

69 qw the Shooter (level 4, -1/26 HPs)
             Began as a Gargoyle Hexslinger on July 11, 2023.
             Slain by an orc wizard
             ... wielding a +0 dagger
              (3 damage)
             ... on level 3 of the Dungeon.
             The game lasted 00:00:44 (1641 turns).

qw the Shooter (Gargoyle Hexslinger)                Turns: 1641, Time: 00:00:45

Health: -1/26      AC:  9    Str: 11    XL:     4   Next: 20%
Magic:  5/5        EV: 11    Int: 14    God:
Gold:   52         SH:  0    Dex: 14    Spells: 4/5 levels left

rFire   . . .        Y - +0 orcbow
rCold   . . .        (shield currently unavailable)
rNeg    + + .        k - +0 leather armour
rPois   inf          (no helmet)
rElec   +            (no cloak)
rCorr   .            e - +2 pair of gloves
SInv    .            (no boots)
Will    .....        (no amulet)
Stlth   +            h - ring of positive energy
HPRegen 0.24/turn    (no ring)
MPRegen 0.09/turn

%: no passive effects
@: about to teleport
A: sickness immunity, AC +3, negative energy resistance 1, electricity
resistance, torment resistance 1, petrification resistance
a: no special abilities


You were on level 3 of the Dungeon.
You visited 1 branch of the dungeon, and saw 3 of its levels.

You collected 146 gold pieces.
You spent 94 gold pieces at shops.


Innate Abilities, Weirdness & Mutations

You are immune to sickness and miasma.
Your stone body is resilient. (AC +3)
You are immune to poison.
You resist negative energy. (rN+)
You are resistant to electric shocks. (rElec)
You are resistant to unholy torment.
You are immune to petrification.


   Skills:
 - Level 2.0 Fighting
 + Level 4.0 Ranged Weapons
 - Level 1.5 Dodging
 - Level 1.0 Spellcasting
 - Level 2.6 Hexes


You had 4 spell levels left.
You knew the following spells:

 Your Spells              Type           Power      Damage    Failure   Level
a - Slow                  Hex            32%        N/A       12%         1

Your spell library contained the following spells:

 Spells                   Type           Power      Damage    Failure   Level
 Inner Flame              Hex/Fire       4%         N/A       52%         3
 Portal Projectile        Hex/Tloc       8%         N/A       52%         3
 Cause Fear               Hex            4%         N/A       75%         4

Inventory:

Hand Weapons
 Y - a +0 orcbow (weapon)
Armour
 e - a +2 pair of gloves (worn)
 k - a +0 leather armour (worn)
Jewellery
 a - a ring of fire
 h - a ring of positive energy (left hand)
Scrolls
 b - a scroll of identify
 i - 3 scrolls of teleportation
Potions
 d - a potion of resistance
 f - a potion of enlightenment
 j - a potion of might {unknown}

Dungeon Overview and Level Annotations

Branches:
Dungeon (3/15)

Altars:

Shops:
D:2 (*:[


Message History

1630 ||| Stepping ~*~*~tactically~*~*~ (outnumbered).
1632 ||| Stepping ~*~*~tactically~*~*~ (outnumbered).
You shoot an arrow. The arrow closely misses the orc.
The orc closely misses you.
You shoot an arrow. The arrow barely misses the orc wizard.
The orc hits you but does no damage.
The orc wizard hits you but does no damage.
You shoot an arrow. The arrow barely misses the orc wizard.
The arrow hits the giant cockroach.
You kill the giant cockroach!
The orc closely misses you.
The orc wizard hits you but does no damage.
You shoot an arrow.
The arrow closely misses the orc wizard.
The orc barely misses you.
The orc priest calls down the wrath of Beogh upon you.
Beogh smites you!
The orc wizard hits you with a +0 dagger.
The orc hits you but does no damage.
The orc wizard hits you with a +0 dagger.
You shoot an arrow.
The arrow closely misses the orc wizard.
The orc completely misses you.
The orc wizard hits you with a +0 dagger.
You shoot an arrow.
The arrow closely misses the orc wizard.
The orc misses you.
The orc wizard gestures at you while chanting.
The magic dart hits you.
You shoot an arrow. The arrow hits the orc wizard.
The orc wizard is lightly wounded.
The orc barely misses you. The orc wizard barely misses you.
The orc hits you with a +0 falchion.
The orc wizard hits you with a +0 dagger.
1641 ||| READING 4 scrolls of teleportation.
As you read the scroll of teleportation, it crumbles to dust.
You feel strangely unstable. The orc hits you but does no damage.
The orc wizard hits you with a +0 dagger.
You die...

.. # #.# #. #.##
.# #..#..# ..
#.#..## #.##
#.....### #..%###
#...<<##
#ooo####..##..##
#@........#..#
#.........##.##
#.............##
#...........#..###
#...............[.
#.........#..#.###
#.........##...# #
#.........####..
#######(### ###.


You could see an orc priest, an orc wizard and an orc.

Vanquished Creatures
  An adder (D:2)
  2 worms (D:2)
  2 dart slugs
  5 endoplasms
  4 giant cockroaches
  6 hobgoblins
  6 ball pythons
  9 bats
  4 frilled lizards
  7 kobolds
  2 rats (D:2)
48 creatures vanquished.

Notes
Turn   | Place    | Note
-------+----------+-------------------------------------------
     0 | D:1      | qw the Gargoyle Hexslinger began the quest for the Orb.
     0 | D:1      | Reached XP level 1. HP: 12/12 MP: 2/2
     0 | D:1      | 0 ||| qw: Version: 0.3-a-52-g30416fa
     0 | D:1      | 0 ||| qw: Game counter: 5404
     0 | D:1      | 0 ||| qw: Melee chars always use a shield: true
     0 | D:1      | 0 ||| qw: God list: Okawaru
     0 | D:1      | 0 ||| qw: Allow faded altars: false
     0 | D:1      | 0 ||| qw: Do Orc after clearing Dungeon:15 true
     0 | D:1      | 0 ||| qw: Do second Lair branch before Depths: true
     0 | D:1      | 0 ||| qw: Lair rune preference: random
     0 | D:1      | 0 ||| qw: Goals: Normal
     0 | D:1      | 0 ||| PLANNING D:1-11
   125 | D:1      | Reached XP level 2. HP: 16/16 MP: 3/3
   193 | D:1      | Reached skill level 3 in Ranged Weapons
   277 | D:1      | 277 ||| FLEEEEING.
   278 | D:1      | 278 ||| FLEEEEING.
   279 | D:1      | 279 ||| FLEEEEING.
   498 | D:1      | 498 ||| UPGRADING to +2 pair of gloves.
   503 | D:1      | 503 ||| READING scroll labelled NEIQ JODYEJ.
   504 | D:1      | 504 ||| DROPPING scroll of poison.
   518 | D:2      | Found Vuotoffucve's Assorted Antiques.
   525 | D:2      | Reached XP level 3. HP: 21/21 MP: 4/4
   526 | D:2      | 526 ||| BUYING 2 scrolls labelled XYNARCH LORURCH (56
                  | gold).
   526 | D:2      | Bought 2 scrolls labelled XYNARCH LORURCH for 56 gold
                  | pieces
   526 | D:2      | 526 ||| SHOPLISTING bubbling white potion (25 gold, have
                  | 18).
   526 | D:2      | 526 ||| SHOPLISTING iron wand (112 gold, have 18).
   526 | D:2      | 526 ||| SHOPLISTING scroll labelled PYUB SOUXYPT (28 gold,
                  | have 18).
   526 | D:2      | 526 ||| SHOPLISTING scroll labelled SOUBRA ATIGENY (28
                  | gold, have 18).
   642 | D:2      | Found Siuts's Armour Shop.
   660 | D:2      | 660 ||| SHOPLISTING +0 ring mail (56 gold, have 29).
   660 | D:2      | 660 ||| SHOPLISTING +2 robe of fire resistance (247 gold,
                  | have 29).
   660 | D:2      | 660 ||| SHOPLISTING +3 helmet of Nefulerghi {Contam rPois
                  | Str+3 Dex+2} (498 gold, have 29).
   784 | D:2      | Identified the +2 dagger "Lyuseis" {venom, *Rage Drain
                  | rPois rN+++}
   810 | D:2      | Found Karot's Weapon Boutique.
   818 | D:2      | 818 ||| BUYING +0 orcbow (38 gold).
   818 | D:2      | Bought a +0 orcbow for 38 gold pieces
   818 | D:2      | 818 ||| SWAPPING to +0 orcbow.
   819 | D:2      | 819 ||| DROPPING +1 sling.
   862 | D:2      | Reached XP level 4. HP: 23/26 MP: 5/5
  1091 | D:2      | Reached skill level 4 in Ranged Weapons
  1152 | D:2      | Found Putaon Ypeh's Book Shop.
  1296 | D:2      | You fall into a shaft and drop 1 floor!
  1334 | D:3      | 1334 ||| UPGRADING to +0 leather armour.
  1344 | D:3      | 1344 ||| DROPPING +0 robe.
  1345 | D:3      | 1345 ||| UPGRADING to ring of positive energy.
  1346 | D:3      | 1346 ||| READING 5 scrolls labelled XYNARCH LORURCH.
  1349 | D:3      | 1349 ||| READING 4 scrolls labelled SOUBRA ATIGENY.
  1350 | D:3      | 1350 ||| DRINKING 2 fizzy inky potions.
  1351 | D:3      | 1351 ||| READING 3 scrolls of identify.
  1351 | D:3      | 1351 ||| IDENTIFYING fuming sapphire potion
  1352 | D:3      | 1352 ||| READING 2 scrolls of identify.
  1352 | D:3      | 1352 ||| IDENTIFYING bubbling dark potion
  1353 | D:3      | 1353 ||| DROPPING potion of degeneration.
  1630 | D:3      | 1630 ||| Stepping ~*~*~tactically~*~*~ (outnumbered).
  1632 | D:3      | 1632 ||| Stepping ~*~*~tactically~*~*~ (outnumbered).
  1640 | D:3      | HP: 5/26 [orc/+0 falchion (4)]
  1640 | D:3      | HP: 2/26 [orc wizard/+0 dagger (3)]
  1641 | D:3      | 1641 ||| READING 4 scrolls of teleportation.
  1641 | D:3      | Slain by an orc wizard

Levels and vault maps discovered:
D:1:      saegor_arrival_simple_a, layout_rooms
D:2:      layout_basic, serial_shops, shop, shop, nicolae_shop_behind_doors,
          shop_statue, minmay_surrounded
D:3:      layout_rooms, mainiacjoe_overflow_paths, kennysheep_minor_cross,
          uniq_grinder

Skill      XL: |  1  2  3  4 |
---------------+-------------+-----
Ranged Weapons | 3 4 |  4.0
Fighting       | 2 |  2.0
Dodging        | |  1.5
Spellcasting   | |  1.0
Hexes          | |  2.6

Action                     |  1- 3 |  4- 6 || total
---------------------------+-------+-------++-------
   Fire: Sling             |   136 |       ||   136
         Orcbow            |    16 |    22 ||    38
    Use: Scroll            |     1 |     5 ||     6
         Potion            |       |     1 ||     1
 Armour: Robe              |    35 |     1 ||    36
         Leather armour    |       |     5 ||     5
  Dodge: Dodged            |    57 |    10 ||    67

Table legend:
 A = Non-vault XP
 B = Vault XP
 C = Vault XP percentage of total XP
 D = Non-vault monster count
 E = Vault monster count
 F = Vault count percentage of total count
                 A         B        C        D         E       F
            +---------+---------+-------+---------+---------+-------
      Total |      92 |       7 |   7.1 |      44 |       4 |   8.3
            +---------+---------+-------+---------+---------+-------
        D:1 |      31 |       0 |   0.0 |      20 |       0 |   0.0
        D:2 |      57 |       7 |  10.9 |      22 |       4 |  15.4
        D:3 |       4 |       0 |   0.0 |       2 |       0 |   0.0
            +---------+---------+-------+---------+---------+-------
